 Dungeon Crawl Stone Soup version 0.18-a0-1057-g88203af (console) character file.

129 FIQ the Skirmisher (level 5, -2/43 HPs)
             Began as a Formicid Monk on Jan 12, 2016.
             Slain by a killer bee (3 damage)
             ... on level 2 of the Dungeon.
             The game lasted 00:04:49 (2258 turns).

FIQ the Skirmisher (Formicid Monk)                  Turns: 2258, Time: 00:04:49

Health: -2/43      AC:  6    Str: 21    XL:     5   Next: 35%
Magic:  5/5        EV: 11    Int:  9    God:
Gold:   113        SH:  0    Dex: 14    Spells: 0 memorised, 4 levels left

rFire  . . .     SeeInvis +     j - +0 falchion (elec)
rCold  . . .     Gourm    .     n - +0 scale mail {MR+}
rNeg   . . .     Faith    .     (no shield)
rPois  .         Spirit   .     (helmet unavailable)
rElec  .         Dismiss  .     (no cloak)
rCorr  .         Reflect  .     d - -1 pair of gloves (curse)
SustAt .         Harm     .     (no boots)
MR     +....                    (no amulet)
Stlth  +.........               (no ring)
                                (no ring)

@: mighty, lethally poisoned (-2 -> -14), somewhat resistant to hostile
enchantments, very unstealthy
A: permanent stasis, dig shafts and tunnels, four strong arms, antennae 3
a: Dig, Shaft Self


You were on level 2 of the Dungeon.
You were not hungry.

You visited 1 branch of the dungeon, and saw 2 of its levels.

You collected 113 gold pieces.

Inventory:

Hand Weapons
 j - a +0 falchion of electrocution (weapon)
 m - a +0 mace
Armour
 d - a cursed -1 pair of gloves (worn)
 n - a +0 scale mail of magic resistance (worn)
Magical Staves
 l - an uncursed staff of poison
Scrolls
 c - a scroll of amnesia {unknown}
 e - 2 scrolls of teleportation {unknown}
 h - a scroll of remove curse {unknown}
Comestibles
 b - 2 bread rations
 g - 4 chunks of flesh
 i - 3 fruits


   Skills:
 + Level 4.7 Fighting
 * Level 1.5 Long Blades
 + Level 0.9 Armour
 + Level 3.7 Dodging
 - Level 2.4 Stealth
 - Level 4.0 Unarmed Combat


You had 4 spell levels left.
You didn't know any spells.

Dungeon Overview and Level Annotations

Branches:
Dungeon (2/15)

Altars:
Xom


Innate Abilities, Weirdness & Mutations

You are under a permanent stasis effect.
You can dig through walls and to a lower floor.
Your four strong arms can wield two-handed weapons with a shield.
You have a pair of large antennae on your head (SInv).


Message History

You miss the killer bee.
The killer bee is almost dead.
You feel sick. The killer bee stings you.
* * * LOW HITPOINT WARNING * * *
You are more poisoned.
The killer bee poisons you! The killer bee barely misses you.
The killer bee stings you.
* * * LOW HITPOINT WARNING * * *
You closely miss the killer bee.
The killer bee is almost dead.
* * * LOW HITPOINT WARNING * * *
You feel sick.
The killer bee stings you but does no damage.
The killer bee barely misses you.
You barely miss the killer bee.
The killer bee is almost dead.
* * * LOW HITPOINT WARNING * * *
You feel sick.
The killer bee stings you but does no damage.
The killer bee stings you.
You die...

########.##..# #.# #...
.........##..# #.# #.##
###########..###.##########.#
#########...##............#
#.........#.##..####......#
#.#######...##..####.####.# #.#
#..........##.# #.# #.#
#...y....#.##.## #.## #.#
#..yy##.##.#...###...
#.#########y##............##
#.##.<.####@##.##.#...##..##
#.##...........##.##........
######.##...####.......######..##
.......###.## ####.#### ####..##
#####..# #.# #.# #......# #..#
#.# #.# #.##..## #..###.# #.#
#.##.## # #.[##..# ##.# #.##.# ##
#..##.## #..# #.##.# .# #..##.#
#.## #.##.# .# #..##.# #.# #.##.#


You could see 4 killer bees.

Vanquished Creatures
  A killer bee (D:2)
  Terence (D:2)
  An adder (D:2)
  2 worms (D:2)
  2 bats (D:2)
  A giant cockroach (D:1)
  8 goblins
  4 hobgoblins
  7 jackals
  A quokka (D:2)
  A giant newt (D:2)
  3 kobolds (D:1)
  14 rats
46 creatures vanquished.

Notes
Turn   | Place    | Note
--------------------------------------------------------------
     0 | D:1      | FIQ the Formicid Monk began the quest for the Orb.
     0 | D:1      | Reached XP level 1. HP: 18/18 MP: 1/1
   203 | D:1      | Reached XP level 2. HP: 24/24 MP: 2/2
  1040 | D:2      | Reached XP level 3. HP: 30/30 MP: 3/3
  1599 | D:2      | Found a shimmering altar of Xom.
  1845 | D:2      | Noticed Terence
  1862 | D:2      | Killed Terence
  1862 | D:2      | Reached XP level 4. HP: 29/38 MP: 4/4
  2255 | D:2      | Reached skill level 1 in Long Blades
  2255 | D:2      | Reached XP level 5. HP: 10/43 MP: 5/5
  2257 | D:2      | HP: 2/43 [poisoned by a killer bee]
  2258 | D:2      | Slain by a killer bee

Vault maps used:
D:1:      dpeg_arrival_chambers_temple_mockup, corexii_item_surrounded_by_moat,
          kennysheep_boxes
D:2:      lemuel_round_altar, minmay_rat_gold_closets, uniq_terence

Action                   |  1- 3 |  4- 6 || total
-------------------------+-------+-------++-------
Melee: Unarmed           |   112 |       ||   112
       Mace              |    14 |     2 ||    16
       Club              |    11 |       ||    11
       Falchion          |       |    24 ||    24
  Use: Potion            |     3 |     2 ||     5
 Stab: Sleeping          |     7 |       ||     7
  Eat: Chunk             |     3 |     1 ||     4
